Penguins vs Avalanche

Created - November-13-14 at 19:55

Goals
1 2 3 T
Penguins 2 1 1 4
Avalanche 1 2 0 3
Shots
1 2 3 T
Penguins 6 8 16 30
Avalanche 10 20 5 35

1st period

1. Penguins , John Tavares 9 (Victor Hedman, Gabriel Landeskog) at 4:28
2. Avalanche , Keith Yandle 5 (Cody Hodgson, Marian Hossa) at 9:19 (PP)
3. Penguins , John Tavares 10 (Ryan Suter) at 12:50

Penalties :
Stephane Robidas (PIT) for Hooking (Minor) at 8:29, Stephane Robidas (PIT) for Interference (Minor) at 13:31, Tyson Barrie (COL) for Holding (Minor) at 18:24

2nd period

4. Avalanche , Marian Hossa 14 (Kevin Shattenkirk, Cody Hodgson) at 8:41 (PP)
5. Penguins , Gabriel Landeskog 9 (John Tavares, Mark Giordano) at 10:42
6. Avalanche , Christopher Higgins 4 (Sami Vatanen, Riley Sheahan) at 16:34

Penalties :
Gabriel Landeskog (PIT) for Slashing (Minor) at 2:00, Ed Jovanovski (PIT) for Hooking (Minor) at 7:05, Kevin Shattenkirk (COL) for Holding (Minor) at 12:07

3rd period

7. Penguins , Mark Giordano 9 (Jeff Carter, Ryan Suter) at 7:31

Penalties :
Jeff Carter (PIT) for Tripping (Minor) at 1:48, Matt Calvert (COL) for Goalie Interference (Minor) at 4:09, Matt Calvert (COL) for Holding Stick (Minor) at 7:03, Stephane Robidas (PIT) for High sticking (Double Minor) at 7:03, Johan Franzen (COL) for Unsportsmanlike conduct (Major / Game Misconduct) at 14:40, Nick Holden (COL) for High sticking (Minor) at 18:09

Goalie Stats

Marc-Andre Fleury (PIT), 32 saves from 35 shots - (0.914), W, 11-4-0, 60:00 minutes
Martin Jones (COL), 26 saves from 30 shots - (0.867), L, 3-4-1, 60:00 minutes

Players Stats for Penguins

Player Name              G  A  P  +/- PIM S  H  SB GA TA FO     MP     PP MP  PK MP  
------------------------------------------------------------------------------------
Brandon Saad             0  0  0  -1  0   2  0  0  0  0  0/0    18:15   1:09   6:46 
Brendan Gallagher        0  0  0  -1  0   1  1  0  0  0  0/0     6:31   0:00   0:00 
David Perron             0  0  0   1  0   1  5  0  0  0  2/9    25:47   4:33   4:11 
Ed Jovanovski            0  0  0  -1  2   0  1  0  0  0  0/0    11:45   0:00   0:00 
Gabriel Landeskog        1  1  2   3  2   3  6  0  0  0  3/6    20:41   5:34   3:11 
Jacob Trouba             0  0  0   1  0   2  0  0  0  0  0/0    19:23   4:19   1:42 
Jeff Carter              0  1  1   1  2   2  0  0  0  0  1/2    20:55   4:28   0:00 
John Tavares             2  1  3   3  0   8  0  0  0  0  14/31  23:39   5:34   5:58 
Luke Glendening          0  0  0   0  0   1  0  0  0  0  1/4     5:38   1:09   0:40 
Mark Giordano            1  1  2   3  0   3  1  4  0  0  0/0    26:12   6:57   6:02 
Pierre-Alexandr Parentea 0  0  0   3  0   1  0  0  0  0  0/1    12:48   1:14   0:00 
Ryan Getzlaf             0  0  0   0  0   3  0  0  0  0  11/21  19:56   4:33   0:00 
Ryan Suter               0  2  2   3  0   0  0  2  0  0  0/0    26:04   6:57   5:54 
Seth Jones               0  0  0   0  0   0  0  0  0  0  0/0     0:00   0:00   0:00 
Stephane Robidas         0  0  0  -1  8   0  8  3  0  0  0/0    13:58   0:00   2:15 
Teemu Selanne            0  0  0   0  0   0  0  1  0  0  0/0     1:21   0:00   0:00 
Tomas Hertl              0  0  0  -1  0   1  1  0  0  0  3/8    12:05   5:34   0:00 
Victor Hedman            0  1  1   1  0   2  2  2  0  0  0/0    22:34   4:19   4:53 

Players Stats for Avalanche

Player Name              G  A  P  +/- PIM S  H  SB GA TA FO     MP     PP MP  PK MP  
------------------------------------------------------------------------------------
Boone Jenner             0  0  0   0  0   0  2  0  0  0  3/5    11:53   0:00   2:26 
Christopher Higgins      1  0  1  -1  0   1  1  0  0  0  1/2    17:12   0:00   6:55 
Cody Hodgson             0  2  2   0  0   3  1  0  0  0  12/21  17:22   5:48   0:00 
Derek Stepan             0  0  0  -2  0   3  0  0  0  0  21/34  23:08   4:35   6:39 
Johan Franzen            0  0  0  -2  15  2  1  0  0  0  0/0    16:42   4:49   0:00 
Justin Faulk             0  0  0   0  0   2  4  0  0  0  0/0    22:49   5:40   6:00 
Keith Yandle             1  0  1  -1  0   2  0  1  0  0  0/0    19:06   4:19   3:21 
Kevin Shattenkirk        0  1  1  -2  2   1  2  0  0  0  0/0    23:02   4:35   4:25 
Marcus Johansson         0  0  0   0  0   1  0  0  0  0  0/1    15:40   4:35   0:00 
Marian Hossa             1  1  2   0  0   5  0  0  0  0  0/1    19:24   5:48   2:31 
Matt Calvert             0  0  0   0  4   1  0  0  0  0  1/1     3:54   0:00   0:00 
Nick Holden              0  0  0  -1  2   0  1  3  0  0  0/0    18:39   0:00   4:39 
Quinton Howden           0  0  0   0  0   0  0  0  0  0  3/6     4:25   0:00   0:00 
Radim Vrbata             0  0  0  -3  0   4  0  0  0  0  0/0    17:39   4:15   0:00 
Riley Sheahan            0  1  1   0  0   0  0  0  0  0  5/6     9:27   0:00   0:00 
Sami Vatanen             0  1  1  -1  0   2  0  1  0  0  0/0    15:08   1:23   0:36 
Scottie Upshall          0  0  0   0  0   0  0  0  0  0  1/5     8:26   1:19   2:31 
Tyson Barrie             0  0  0  -1  2   8  0  0  0  0  0/0    21:13   4:49   3:30 

3 Stars

1 - John Tavares (PIT)
2 - Gabriel Landeskog (PIT)
3 - Mark Giordano (PIT)

Power Play

Penguins - 0 on 5 Attempt(s) - 0.00%
Avalanche - 2 on 6 Attempt(s) - 33.33%

Penalty Kill

Penguins - 4 on 6 Attempt(s) - 66.67% - Score 0 goal in Penalty Kill
Avalanche - 5 on 5 Attempt(s) - 100.00% - Score 0 goal in Penalty Kill

Official

Referees : Chris Rooney and Jon Mclsaac
Linesman : Darren Gibbs and Jonny Murray

Game Notes

Teemu Selanne is injured at 11:15 of 1st period (Right Knee)
Johan Franzen ejected from game at 14:40 of 3rd period

Finance

Level 1 -- Attendance: 6500 (100.00%) -- Ticket Income $663,000
Level 2 -- Attendance: 4513 (90.26%) -- Ticket Income $338,475
Level 3 -- Attendance: 3368 (96.23%) -- Ticket Income $185,240
Level 4 -- Attendance: 2007 (100.00%) -- Ticket Income $90,315
Luxury Box -- Attendance: 895 (89.50%) -- Ticket Income $179,000
Game was played at the Pepsi Center
Total Attendance: 17283 (95.98%)
Total Ticket Income: $1,456,030
Other Income: $218,404
Total Income: $1,674,434

% Time on Ice - Penguins

Lines # - Real PCT - Wanted PCT - Time Play
Normal Forward
1 - 42% - 33% - 15:23
2 - 29% - 33% - 10:39
3 - 18% - 21% - 6:31
4 - 10% - 13% - 3:49
Normal Defense
1 - 33% - 40% - 11:51
2 - 35% - 35% - 12:45
3 - 32% - 20% - 11:46
4 - 0% - 5% - 0:00
PP Forward
1 - 45% - 55% - 5:03
2 - 55% - 45% - 6:13
PP Defense
1 - 62% - 75% - 6:57
2 - 38% - 25% - 4:19
PK Forward
1 - 60% - 55% - 6:12
2 - 40% - 45% - 4:11
PK Defense
1 - 53% - 70% - 5:30
2 - 47% - 30% - 4:53
PK3 Forward
1 - 0% - 55%
2 - 0% - 45%
PK3 Defense
1 - 0% - 55%
2 - 0% - 45%
44 Forward
1 - 55% - 55% - 1:05
2 - 45% - 45% - 0:54
44 Defense
1 - 69% - 55% - 1:22
2 - 31% - 45% - 0:37
Last Minute Offensive  - 0:00
Last Minute Defensive  - 0:00
Total
Forward - 60:00
Defense - 60:00

% Time on Ice - Avalanche

Lines # - Real PCT - Wanted PCT - Time Play
Normal Forward
1 - 33% - 34% - 11:54
2 - 30% - 32% - 11:05
3 - 26% - 24% - 9:27
4 - 11% - 10% - 3:56
Normal Defense
1 - 36% - 35% - 12:55
2 - 28% - 30% - 10:18
3 - 29% - 25% - 10:27
4 - 7% - 10% - 2:42
PP Forward
1 - 44% - 54% - 4:35
2 - 56% - 46% - 5:48
PP Defense
1 - 56% - 60% - 5:48
2 - 44% - 40% - 4:35
PK Forward
1 - 74% - 60% - 7:15
2 - 26% - 40% - 2:31
PK Defense
1 - 52% - 60% - 5:06
2 - 48% - 40% - 4:40
PK3 Forward
1 - 100% - 60% - 1:30
2 - 0% - 40% - 0:00
PK3 Defense
1 - 60% - 60% - 0:54
2 - 40% - 40% - 0:36
44 Forward
1 - 76% - 60% - 1:30
2 - 24% - 40% - 0:29
44 Defense
1 - 57% - 60% - 1:08
2 - 43% - 40% - 0:51
Last Minute Offensive  - 0:00
Last Minute Defensive  - 0:00
Total
Forward - 60:00
Defense - 60:00

Play by Play

1st period


0:01 of 1st period - Ryan Getzlaf wins face-off versus Derek Stepan in neutral zone.
0:27 of 1st period - Derek Stepan is hit by David Perron and loses puck.
0:41 of 1st period - Shot by Derek Stepan.
0:41 of 1st period - Shot Misses the Net.
1:07 of 1st period - Shot by Gabriel Landeskog.
1:07 of 1st period - Shot Misses the Net.
1:18 of 1st period - Icing by Jacob Trouba.
1:19 of 1st period - Cody Hodgson wins face-off versus Pierre-Alexandr Parenteau in Penguins zone.
1:58 of 1st period - Shot by Marian Hossa.
1:58 of 1st period - Stopped by Marc-Andre Fleury without a rebound.
1:59 of 1st period - Tomas Hertl wins face-off versus Riley Sheahan in Penguins zone.
1:59 of 1st period - Tomas Hertl is hit by Boone Jenner.
2:04 of 1st period - Brandon Saad is hit by Boone Jenner and loses puck.
2:14 of 1st period - Riley Sheahan is hit by Stephane Robidas and loses puck.
2:19 of 1st period - Shot by Riley Sheahan.
2:19 of 1st period - Shot Misses the Net.
2:21 of 1st period - Shot by Christopher Higgins.
2:21 of 1st period - Shot Misses the Net.
2:30 of 1st period - Riley Sheahan is hit by Ed Jovanovski and loses puck.
2:56 of 1st period - Icing by Justin Faulk.
2:57 of 1st period - Ryan Getzlaf wins face-off versus Quinton Howden in Avalanche zone.
3:02 of 1st period - Shot by Jeff Carter.
3:02 of 1st period - Shot Misses the Net.
3:39 of 1st period - Shot by Matt Calvert.
3:39 of 1st period - Shot Blocked by Mark Giordano.
3:54 of 1st period - Off-side.
3:55 of 1st period - Riley Sheahan wins face-off versus John Tavares in neutral zone.
4:04 of 1st period - Shot by Riley Sheahan.
4:04 of 1st period - Shot Misses the Net.
4:18 of 1st period - Shot by John Tavares.
4:18 of 1st period - Shot Misses the Net.
4:20 of 1st period - Shot by Pierre-Alexandr Parenteau.
4:20 of 1st period - Shot Misses the Net.
4:28 of 1st period - Shot by John Tavares.
4:28 of 1st period - Goal by John Tavares - Penguins : 1 - Avalanche : 0.
4:29 of 1st period - Luke Glendening wins face-off versus Cody Hodgson in neutral zone.
4:38 of 1st period - Cody Hodgson is hit by Stephane Robidas and loses puck.
5:39 of 1st period - Shot by Pierre-Alexandr Parenteau.
5:39 of 1st period - Stopped by Martin Jones without a rebound.
5:40 of 1st period - Derek Stepan wins face-off versus Ryan Getzlaf in Avalanche zone.
5:40 of 1st period - Derek Stepan is hit by David Perron.
5:48 of 1st period - Icing by Nick Holden.
5:49 of 1st period - Derek Stepan wins face-off versus John Tavares in Avalanche zone.
5:49 of 1st period - Derek Stepan is hit by Gabriel Landeskog.
6:57 of 1st period - Riley Sheahan is hit by Mark Giordano and loses puck.
7:23 of 1st period - Brandon Saad is hit by Justin Faulk.
8:27 of 1st period - Shot by Marian Hossa.
8:27 of 1st period - Shot Blocked by Stephane Robidas.
8:29 of 1st period - Shot by Tyson Barrie.
8:29 of 1st period - Stopped by Marc-Andre Fleury without a rebound.
8:29 of 1st period - Minor Penalty to Stephane Robidas for Hooking.
8:30 of 1st period - Derek Stepan wins face-off versus John Tavares in Penguins zone.
8:37 of 1st period - Shot by Sami Vatanen.
8:37 of 1st period - Stopped by Marc-Andre Fleury without a rebound.
8:38 of 1st period - Cody Hodgson wins face-off versus David Perron in Penguins zone.
8:53 of 1st period - Shot by Sami Vatanen.
8:53 of 1st period - Stopped by Marc-Andre Fleury without a rebound.
8:54 of 1st period - Derek Stepan wins face-off versus John Tavares in Penguins zone.
9:07 of 1st period - Shot by Justin Faulk.
9:07 of 1st period - Shot Blocked by Ryan Suter.
9:09 of 1st period - Shot by Radim Vrbata.
9:09 of 1st period - Stopped by Marc-Andre Fleury without a rebound.
9:10 of 1st period - Cody Hodgson wins face-off versus David Perron in Penguins zone.
9:11 of 1st period - Shot by Johan Franzen.
9:11 of 1st period - Shot Misses the Net.
9:13 of 1st period - Shot by Marian Hossa.
9:13 of 1st period - Shot Misses the Net.
9:17 of 1st period - Shot by Cody Hodgson.
9:17 of 1st period - Shot Blocked by Victor Hedman.
9:19 of 1st period - Shot by Keith Yandle.
9:19 of 1st period - Goal by Keith Yandle - Penguins : 1 - Avalanche : 1.
9:20 of 1st period - Ryan Getzlaf wins face-off versus Cody Hodgson in neutral zone.
10:27 of 1st period - Shot by Radim Vrbata.
10:27 of 1st period - Shot Misses the Net.
10:29 of 1st period - Shot by Derek Stepan.
10:29 of 1st period - Shot Misses the Net.
10:31 of 1st period - Shot by Johan Franzen.
10:31 of 1st period - Shot Misses the Net.
10:33 of 1st period - Shot by Johan Franzen.
10:33 of 1st period - Shot Hit the Post.
10:35 of 1st period - Shot by Radim Vrbata.
10:35 of 1st period - Shot Blocked by Stephane Robidas.
10:45 of 1st period - Shot by Johan Franzen.
10:45 of 1st period - Stopped by Marc-Andre Fleury without a rebound.
10:46 of 1st period - Quinton Howden wins face-off versus Luke Glendening in Penguins zone.
11:15 of 1st period - Shot by Matt Calvert.
11:15 of 1st period - Shot Blocked by Teemu Selanne.
11:15 of 1st period - Teemu Selanne from Penguins is injured at 11:15 of 1st period (Right Knee).
11:16 of 1st period - John Tavares wins face-off versus Cody Hodgson in Penguins zone.
11:48 of 1st period - Shot by Marcus Johansson.
11:48 of 1st period - Deflect By Cody Hodgson.
11:48 of 1st period - Stopped by Marc-Andre Fleury without a rebound.
11:49 of 1st period - Derek Stepan wins face-off versus Tomas Hertl in Penguins zone.
12:41 of 1st period - Icing by Derek Stepan.
12:42 of 1st period - Derek Stepan wins face-off versus John Tavares in Avalanche zone.
12:50 of 1st period - Shot by John Tavares.
12:50 of 1st period - Goal by John Tavares - Penguins : 2 - Avalanche : 1.
12:51 of 1st period - Cody Hodgson wins face-off versus Ryan Getzlaf in neutral zone.
13:07 of 1st period - Shot by Marian Hossa.
13:07 of 1st period - Shot Misses the Net.
13:09 of 1st period - Shot by Tyson Barrie.
13:09 of 1st period - Stopped by Marc-Andre Fleury without a rebound.
13:10 of 1st period - Riley Sheahan wins face-off versus John Tavares in Penguins zone.
13:10 of 1st period - Riley Sheahan is hit by Stephane Robidas.
13:31 of 1st period - Minor Penalty to Stephane Robidas for Interference.
13:32 of 1st period - Derek Stepan wins face-off versus John Tavares in Penguins zone.
16:39 of 1st period - Shot by Gabriel Landeskog.
16:39 of 1st period - Stopped by Martin Jones without a rebound.
16:40 of 1st period - Matt Calvert wins face-off versus John Tavares in Avalanche zone.
16:40 of 1st period - Matt Calvert is hit by Gabriel Landeskog.
16:45 of 1st period - Off-side.
16:46 of 1st period - John Tavares wins face-off versus Derek Stepan in neutral zone.
17:11 of 1st period - Shot by Derek Stepan.
17:11 of 1st period - Stopped by Marc-Andre Fleury without a rebound.
17:12 of 1st period - Ryan Getzlaf wins face-off versus Cody Hodgson in Penguins zone.
17:40 of 1st period - Icing by Justin Faulk.
17:41 of 1st period - Tomas Hertl wins face-off versus Cody Hodgson in Avalanche zone.
17:57 of 1st period - Icing by Ryan Suter.
17:58 of 1st period - Derek Stepan wins face-off versus Tomas Hertl in Penguins zone.
18:09 of 1st period - Tyson Barrie is hit by Brendan Gallagher and loses puck.
18:14 of 1st period - Shot by Tomas Hertl.
18:14 of 1st period - Stopped by Martin Jones without a rebound.
18:15 of 1st period - John Tavares wins face-off versus Quinton Howden in Avalanche zone.
18:21 of 1st period - Off-side.
18:22 of 1st period - John Tavares wins face-off versus Derek Stepan in neutral zone.
18:24 of 1st period - Minor Penalty to Tyson Barrie for Holding.
18:25 of 1st period - Ryan Getzlaf wins face-off versus Derek Stepan in Avalanche zone.
18:28 of 1st period - Shot by Ryan Getzlaf.
18:28 of 1st period - Stopped by Martin Jones with a rebound.
18:58 of 1st period - Shot by Ryan Suter.
18:58 of 1st period - Shot Misses the Net.
19:13 of 1st period - Icing by Ryan Suter.
19:14 of 1st period - Derek Stepan wins face-off versus Ryan Getzlaf in Penguins zone.
Goals for this period are 2 for Penguins vs 1 for Avalanche.
Shots for this period are 6 for Penguins vs 10 for Avalanche.

2nd period


0:01 of 2nd period - Derek Stepan wins face-off versus Ryan Getzlaf in neutral zone.
0:16 of 2nd period - Shot by Ryan Getzlaf.
0:16 of 2nd period - Shot Misses the Net.
0:50 of 2nd period - Shot by Cody Hodgson.
0:50 of 2nd period - Stopped by Marc-Andre Fleury without a rebound.
0:51 of 2nd period - Derek Stepan wins face-off versus Tomas Hertl in Penguins zone.
0:54 of 2nd period - Shot by Radim Vrbata.
0:54 of 2nd period - Shot Misses the Net.
1:06 of 2nd period - Shot by Radim Vrbata.
1:06 of 2nd period - Stopped by Marc-Andre Fleury without a rebound.
1:07 of 2nd period - Ryan Getzlaf wins face-off versus Marcus Johansson in Penguins zone.
1:34 of 2nd period - Victor Hedman is hit by Cody Hodgson.
1:53 of 2nd period - Icing by Justin Faulk.
1:54 of 2nd period - Cody Hodgson wins face-off versus John Tavares in Avalanche zone.
1:54 of 2nd period - Cody Hodgson is hit by Gabriel Landeskog.
1:59 of 2nd period - Marcus Johansson is hit by Gabriel Landeskog and loses puck.
2:00 of 2nd period - Minor Penalty to Gabriel Landeskog for Slashing.
2:01 of 2nd period - John Tavares wins face-off versus Derek Stepan in Penguins zone.
2:10 of 2nd period - Shot by Justin Faulk.
2:10 of 2nd period - Shot Blocked by Mark Giordano.
2:12 of 2nd period - Shot by Derek Stepan.
2:12 of 2nd period - Shot Misses the Net.
2:14 of 2nd period - Shot by Justin Faulk.
2:14 of 2nd period - Shot Blocked by Ryan Suter.
2:16 of 2nd period - Shot by Justin Faulk.
2:16 of 2nd period - Shot Misses the Net.
2:18 of 2nd period - Shot by Justin Faulk.
2:18 of 2nd period - Shot Misses the Net.
2:24 of 2nd period - Shot by Justin Faulk.
2:24 of 2nd period - Stopped by Marc-Andre Fleury with a rebound.
2:26 of 2nd period - Shot by Radim Vrbata.
2:26 of 2nd period - Stopped by Marc-Andre Fleury with a rebound.
2:28 of 2nd period - Shot by Radim Vrbata.
2:28 of 2nd period - Stopped by Marc-Andre Fleury without a rebound.
2:29 of 2nd period - David Perron wins face-off versus Cody Hodgson in Penguins zone.
2:50 of 2nd period - Shot by Marian Hossa.
2:50 of 2nd period - Stopped by Marc-Andre Fleury without a rebound.
2:51 of 2nd period - John Tavares wins face-off versus Derek Stepan in Penguins zone.
3:10 of 2nd period - Shot by Tyson Barrie.
3:10 of 2nd period - Stopped by Marc-Andre Fleury with a rebound.
3:12 of 2nd period - Shot by Radim Vrbata.
3:12 of 2nd period - Shot Misses the Net.
3:14 of 2nd period - Shot by Radim Vrbata.
3:14 of 2nd period - Shot Misses the Net.
3:16 of 2nd period - Shot by Justin Faulk.
3:16 of 2nd period - Stopped by Marc-Andre Fleury without a rebound.
3:17 of 2nd period - John Tavares wins face-off versus Cody Hodgson in Penguins zone.
3:17 of 2nd period - John Tavares is hit by Johan Franzen.
3:51 of 2nd period - Shot by Cody Hodgson.
3:51 of 2nd period - Stopped by Marc-Andre Fleury without a rebound.
3:52 of 2nd period - David Perron wins face-off versus Derek Stepan in Penguins zone.
5:16 of 2nd period - Shot by John Tavares.
5:16 of 2nd period - Stopped by Martin Jones with a rebound.
6:13 of 2nd period - Tyson Barrie is hit by Stephane Robidas and loses puck.
6:34 of 2nd period - Shot by Marcus Johansson.
6:34 of 2nd period - Stopped by Marc-Andre Fleury without a rebound.
6:35 of 2nd period - Ryan Getzlaf wins face-off versus Quinton Howden in Penguins zone.
6:41 of 2nd period - David Perron is hit by Justin Faulk and loses puck.
6:52 of 2nd period - Shot by Ryan Getzlaf.
6:52 of 2nd period - Shot Blocked by Keith Yandle.
6:54 of 2nd period - Shot by Jacob Trouba.
6:54 of 2nd period - Stopped by Martin Jones without a rebound.
6:55 of 2nd period - Cody Hodgson wins face-off versus Luke Glendening in Avalanche zone.
7:05 of 2nd period - Minor Penalty to Ed Jovanovski for Hooking.
7:06 of 2nd period - Derek Stepan wins face-off versus John Tavares in Penguins zone.
7:37 of 2nd period - Shot by Tyson Barrie.
7:37 of 2nd period - Stopped by Marc-Andre Fleury without a rebound.
7:38 of 2nd period - Cody Hodgson wins face-off versus David Perron in Penguins zone.
7:52 of 2nd period - Shot by Kevin Shattenkirk.
7:52 of 2nd period - Shot Blocked by Mark Giordano.
7:54 of 2nd period - Shot by Johan Franzen.
7:54 of 2nd period - Shot Misses the Net.
7:56 of 2nd period - Shot by Kevin Shattenkirk.
7:56 of 2nd period - Stopped by Marc-Andre Fleury with a rebound.
8:00 of 2nd period - Shot by Johan Franzen.
8:00 of 2nd period - Stopped by Marc-Andre Fleury without a rebound.
8:01 of 2nd period - Derek Stepan wins face-off versus John Tavares in Penguins zone.
8:14 of 2nd period - Shot by Tyson Barrie.
8:14 of 2nd period - Stopped by Marc-Andre Fleury without a rebound.
8:15 of 2nd period - John Tavares wins face-off versus Cody Hodgson in Penguins zone.
8:41 of 2nd period - Shot by Marian Hossa.
8:41 of 2nd period - Goal by Marian Hossa - Penguins : 2 - Avalanche : 2.
8:42 of 2nd period - Riley Sheahan wins face-off versus Ryan Getzlaf in neutral zone.
9:17 of 2nd period - Shot by Christopher Higgins.
9:17 of 2nd period - Shot Misses the Net.
9:42 of 2nd period - Icing by Ryan Getzlaf.
9:43 of 2nd period - Ryan Getzlaf wins face-off versus Derek Stepan in Penguins zone.
10:42 of 2nd period - Shot by John Tavares.
10:42 of 2nd period - Deflect By Gabriel Landeskog.
10:42 of 2nd period - Goal by Gabriel Landeskog - Penguins : 3 - Avalanche : 2.
10:43 of 2nd period - Tomas Hertl wins face-off versus Cody Hodgson in neutral zone.
10:58 of 2nd period - Shot by Cody Hodgson.
10:58 of 2nd period - Shot Misses the Net.
11:08 of 2nd period - Shot by Brendan Gallagher.
11:08 of 2nd period - Stopped by Martin Jones without a rebound.
11:09 of 2nd period - Scottie Upshall wins face-off versus Luke Glendening in Avalanche zone.
11:40 of 2nd period - Shot by John Tavares.
11:40 of 2nd period - Shot Misses the Net.
11:42 of 2nd period - Shot by Brandon Saad.
11:42 of 2nd period - Deflect By John Tavares.
11:42 of 2nd period - Stopped by Martin Jones without a rebound.
11:43 of 2nd period - Cody Hodgson wins face-off versus Ryan Getzlaf in Avalanche zone.
11:45 of 2nd period - Justin Faulk is hit by David Perron and loses puck.
12:02 of 2nd period - Shot by Ryan Getzlaf.
12:02 of 2nd period - Stopped by Martin Jones without a rebound.
12:03 of 2nd period - Gabriel Landeskog wins face-off versus Derek Stepan in Avalanche zone.
12:07 of 2nd period - Minor Penalty to Kevin Shattenkirk for Holding.
12:08 of 2nd period - Derek Stepan wins face-off versus Ryan Getzlaf in Avalanche zone.
13:07 of 2nd period - Shot by Tyson Barrie.
13:07 of 2nd period - Stopped by Marc-Andre Fleury with a rebound.
13:27 of 2nd period - Shot by John Tavares.
13:27 of 2nd period - Stopped by Martin Jones without a rebound.
13:28 of 2nd period - Derek Stepan wins face-off versus Gabriel Landeskog in Avalanche zone.
13:39 of 2nd period - Christopher Higgins is hit by Tomas Hertl and loses puck.
14:28 of 2nd period - Shot by Cody Hodgson.
14:28 of 2nd period - Shot Blocked by Stephane Robidas.
14:30 of 2nd period - Shot by Tyson Barrie.
14:30 of 2nd period - Stopped by Marc-Andre Fleury without a rebound.
14:31 of 2nd period - Quinton Howden wins face-off versus David Perron in Penguins zone.
14:38 of 2nd period - Shot by Quinton Howden.
14:38 of 2nd period - Shot Misses the Net.
15:01 of 2nd period - Icing by Ryan Getzlaf.
15:02 of 2nd period - Derek Stepan wins face-off versus Ryan Getzlaf in Penguins zone.
15:02 of 2nd period - Radim Vrbata is hit by Victor Hedman and loses puck.
15:47 of 2nd period - Radim Vrbata is hit by Victor Hedman and loses puck.
16:26 of 2nd period - Shot by Marian Hossa.
16:26 of 2nd period - Stopped by Marc-Andre Fleury without a rebound.
16:27 of 2nd period - Riley Sheahan wins face-off versus Tomas Hertl in Penguins zone.
16:34 of 2nd period - Shot by Christopher Higgins.
16:34 of 2nd period - Goal by Christopher Higgins - Penguins : 3 - Avalanche : 3.
16:35 of 2nd period - Riley Sheahan wins face-off versus Tomas Hertl in neutral zone.
17:08 of 2nd period - Shot by Brandon Saad.
17:08 of 2nd period - Shot Blocked by Nick Holden.
17:10 of 2nd period - Shot by Mark Giordano.
17:10 of 2nd period - Shot Misses the Net.
17:12 of 2nd period - Shot by Brandon Saad.
17:12 of 2nd period - Shot Hit the Post.
18:08 of 2nd period - Shot by John Tavares.
18:08 of 2nd period - Stopped by Martin Jones with a rebound.
18:18 of 2nd period - Shot by Tyson Barrie.
18:18 of 2nd period - Stopped by Marc-Andre Fleury without a rebound.
18:19 of 2nd period - Cody Hodgson wins face-off versus David Perron in Penguins zone.
Goals for this period are 1 for Penguins vs 2 for Avalanche.
Shots for this period are 8 for Penguins vs 20 for Avalanche.

3rd period


0:01 of 3rd period - Derek Stepan wins face-off versus John Tavares in neutral zone.
0:12 of 3rd period - Shot by John Tavares.
0:12 of 3rd period - Deflect By Pierre-Alexandr Parenteau.
0:12 of 3rd period - Shot Misses the Net.
0:14 of 3rd period - Shot by Gabriel Landeskog.
0:14 of 3rd period - Stopped by Martin Jones with a rebound.
1:12 of 3rd period - Shot by Brandon Saad.
1:12 of 3rd period - Stopped by Martin Jones with a rebound.
1:26 of 3rd period - Shot by Brandon Saad.
1:26 of 3rd period - Stopped by Martin Jones without a rebound.
1:27 of 3rd period - Cody Hodgson wins face-off versus Ryan Getzlaf in Avalanche zone.
1:27 of 3rd period - Cody Hodgson is hit by David Perron.
1:30 of 3rd period - Marian Hossa is hit by David Perron and loses puck.
1:48 of 3rd period - Minor Penalty to Jeff Carter for Tripping.
1:49 of 3rd period - John Tavares wins face-off versus Marian Hossa in Penguins zone.
3:01 of 3rd period - Marcus Johansson is hit by Stephane Robidas.
3:18 of 3rd period - Shot by Kevin Shattenkirk.
3:18 of 3rd period - Deflect By Derek Stepan.
3:18 of 3rd period - Stopped by Marc-Andre Fleury without a rebound.
3:19 of 3rd period - Cody Hodgson wins face-off versus David Perron in Penguins zone.
3:44 of 3rd period - Shot by Justin Faulk.
3:44 of 3rd period - Shot Misses the Net.
4:02 of 3rd period - Shot by Ryan Getzlaf.
4:02 of 3rd period - Stopped by Martin Jones without a rebound.
4:03 of 3rd period - Quinton Howden wins face-off versus Gabriel Landeskog in Avalanche zone.
4:09 of 3rd period - Minor Penalty to Matt Calvert for Goalie Interference.
4:10 of 3rd period - John Tavares wins face-off versus Derek Stepan in Avalanche zone.
4:22 of 3rd period - Icing by Mark Giordano.
4:23 of 3rd period - Derek Stepan wins face-off versus John Tavares in Penguins zone.
4:58 of 3rd period - Nick Holden is hit by Gabriel Landeskog and loses puck.
5:31 of 3rd period - Ryan Getzlaf is hit by Christopher Higgins and loses puck.
5:56 of 3rd period - Shot by Jacob Trouba.
5:56 of 3rd period - Stopped by Martin Jones without a rebound.
5:57 of 3rd period - John Tavares wins face-off versus Scottie Upshall in Avalanche zone.
6:16 of 3rd period - Shot by Ed Jovanovski.
6:16 of 3rd period - Shot Misses the Net.
6:30 of 3rd period - Shot by Marcus Johansson.
6:30 of 3rd period - Deflect By Marian Hossa.
6:30 of 3rd period - Stopped by Marc-Andre Fleury with a rebound.
6:39 of 3rd period - Cody Hodgson is hit by Stephane Robidas and loses puck.
7:03 of 3rd period - Minor Penalty to Matt Calvert for Holding Stick.
7:03 of 3rd period - Double Minor Penalty to Stephane Robidas for High sticking.
7:04 of 3rd period - Christopher Higgins wins face-off versus Jeff Carter in Penguins zone.
7:29 of 3rd period - Shot by Jeff Carter.
7:29 of 3rd period - Shot Misses the Net.
7:31 of 3rd period - Shot by Mark Giordano.
7:31 of 3rd period - Goal by Mark Giordano - Penguins : 4 - Avalanche : 3.
7:32 of 3rd period - Jeff Carter wins face-off versus Christopher Higgins in neutral zone.
7:49 of 3rd period - Shot by David Perron.
7:49 of 3rd period - Shot Misses the Net.
7:51 of 3rd period - Shot by David Perron.
7:51 of 3rd period - Shot Misses the Net.
7:53 of 3rd period - Shot by David Perron.
7:53 of 3rd period - Stopped by Martin Jones without a rebound.
7:54 of 3rd period - John Tavares wins face-off versus Scottie Upshall in Avalanche zone.
8:17 of 3rd period - Shot by Radim Vrbata.
8:17 of 3rd period - Shot Misses the Net.
8:21 of 3rd period - Shot by Kevin Shattenkirk.
8:21 of 3rd period - Shot Misses the Net.
8:56 of 3rd period - Shot by David Perron.
8:56 of 3rd period - Shot Blocked by Nick Holden.
9:04 of 3rd period - Shot by Brandon Saad.
9:04 of 3rd period - Deflect By John Tavares.
9:04 of 3rd period - Shot Misses the Net.
9:08 of 3rd period - Shot by John Tavares.
9:08 of 3rd period - Shot Misses the Net.
9:20 of 3rd period - Shot by Tyson Barrie.
9:20 of 3rd period - Shot Blocked by Victor Hedman.
9:39 of 3rd period - Shot by Luke Glendening.
9:39 of 3rd period - Stopped by Martin Jones with a rebound.
10:30 of 3rd period - Shot by Derek Stepan.
10:30 of 3rd period - Deflect By Marcus Johansson.
10:30 of 3rd period - Shot Blocked by Mark Giordano.
10:32 of 3rd period - Shot by Derek Stepan.
10:32 of 3rd period - Stopped by Marc-Andre Fleury without a rebound.
10:33 of 3rd period - Gabriel Landeskog wins face-off versus Derek Stepan in Penguins zone.
10:39 of 3rd period - Icing by Derek Stepan.
10:40 of 3rd period - Derek Stepan wins face-off versus David Perron in Avalanche zone.
10:52 of 3rd period - Shot by Keith Yandle.
10:52 of 3rd period - Stopped by Marc-Andre Fleury without a rebound.
10:53 of 3rd period - Cody Hodgson wins face-off versus John Tavares in Penguins zone.
12:01 of 3rd period - Johan Franzen is hit by Stephane Robidas and loses puck.
13:14 of 3rd period - Marian Hossa is hit by Stephane Robidas and loses puck.
13:49 of 3rd period - Shot by Scottie Upshall.
13:49 of 3rd period - Shot Misses the Net.
13:51 of 3rd period - Shot by Matt Calvert.
13:51 of 3rd period - Shot Misses the Net.
14:03 of 3rd period - Shot by Matt Calvert.
14:03 of 3rd period - Stopped by Marc-Andre Fleury without a rebound.
14:04 of 3rd period - Derek Stepan wins face-off versus John Tavares in Penguins zone.
14:40 of 3rd period - Major / Game Misconduct Penalty to Johan Franzen for Unsportsmanlike conduct.
14:40 of 3rd period - Johan Franzen is ejected from game.
14:41 of 3rd period - Derek Stepan wins face-off versus John Tavares in Avalanche zone.
15:57 of 3rd period - Shot by Brandon Saad.
15:57 of 3rd period - Shot Blocked by Nick Holden.
16:07 of 3rd period - Shot by Mark Giordano.
16:07 of 3rd period - Stopped by Martin Jones without a rebound.
16:08 of 3rd period - John Tavares wins face-off versus Scottie Upshall in Avalanche zone.
17:01 of 3rd period - Shot by Jacob Trouba.
17:01 of 3rd period - Shot Misses the Net.
17:07 of 3rd period - Shot by Jacob Trouba.
17:07 of 3rd period - Shot Hit the Post.
17:09 of 3rd period - Shot by Victor Hedman.
17:09 of 3rd period - Shot Misses the Net.
17:11 of 3rd period - Shot by Victor Hedman.
17:11 of 3rd period - Stopped by Martin Jones without a rebound.
17:12 of 3rd period - Ryan Getzlaf wins face-off versus Scottie Upshall in Avalanche zone.
17:12 of 3rd period - Ryan Getzlaf is hit by Justin Faulk.
17:14 of 3rd period - Shot by Jacob Trouba.
17:14 of 3rd period - Shot Misses the Net.
17:16 of 3rd period - Shot by Victor Hedman.
17:16 of 3rd period - Stopped by Martin Jones without a rebound.
17:17 of 3rd period - Ryan Getzlaf wins face-off versus Derek Stepan in Avalanche zone.
17:17 of 3rd period - Ryan Getzlaf is hit by Kevin Shattenkirk.
17:33 of 3rd period - Shot by Ryan Suter.
17:33 of 3rd period - Deflect By David Perron.
17:33 of 3rd period - Shot Misses the Net.
17:35 of 3rd period - Shot by Mark Giordano.
17:35 of 3rd period - Stopped by Martin Jones without a rebound.
17:36 of 3rd period - Gabriel Landeskog wins face-off versus Derek Stepan in Avalanche zone.
17:36 of 3rd period - Gabriel Landeskog is hit by Nick Holden.
18:09 of 3rd period - Minor Penalty to Nick Holden for High sticking.
18:10 of 3rd period - Ryan Getzlaf wins face-off versus Boone Jenner in Avalanche zone.
18:19 of 3rd period - Shot by Jeff Carter.
18:19 of 3rd period - Stopped by Martin Jones without a rebound.
18:20 of 3rd period - Boone Jenner wins face-off versus Ryan Getzlaf in Avalanche zone.
18:59 of 3rd period - Shot by Jeff Carter.
18:59 of 3rd period - Stopped by Martin Jones without a rebound.
19:00 of 3rd period - Boone Jenner wins face-off versus Gabriel Landeskog in Avalanche zone.
19:00 of 3rd period - Boone Jenner is hit by Gabriel Landeskog.
19:10 of 3rd period - Shot by John Tavares.
19:10 of 3rd period - Stopped by Martin Jones without a rebound.
19:11 of 3rd period - Boone Jenner wins face-off versus John Tavares in Avalanche zone.
19:26 of 3rd period - Shot by John Tavares.
19:26 of 3rd period - Stopped by Martin Jones without a rebound.
19:27 of 3rd period - John Tavares wins face-off versus Boone Jenner in Avalanche zone.
19:38 of 3rd period - Shot by Tomas Hertl.
19:38 of 3rd period - Shot Blocked by Sami Vatanen.
19:43 of 3rd period - Tomas Hertl is hit by Justin Faulk and loses puck.
19:55 of 3rd period - Tomas Hertl is hit by Kevin Shattenkirk.
Goals for this period are 1 for Penguins vs 0 for Avalanche.
Shots for this period are 16 for Penguins vs 5 for Avalanche.


Output by the SimonT Hockey Simulator (STHS) for Stephane Roy -- Original Page W3C XHTML 1.0 Valid
Hockey Simulator - Hockey Simulation - Hockey Manager